 Dungeon Crawl Stone Soup version 0.27-a0-1202-ge72e49191c (webtiles) character file.

Game seed: 1085550224689625521

84 funkygono the Digger (level 4, 0/24 HPs)
             Began as a Gargoyle Earth Elementalist on June 2, 2021.
             Slain by a river rat (3 damage)
             ... in a sewer.
             The game lasted 00:04:41 (2892 turns).

funkygono the Digger (Gargoyle Earth Elementalist)  Turns: 2892, Time: 00:04:42

Health: 0/24       AC:  6    Str: 12    XL:     4   Next: 46%
Magic:  6/8        EV: 12    Int: 16    God:
Gold:   95         SH:  0    Dex: 10    Spells: 3/9 levels left

rFire    . . .     SeeInvis .   a - +0 whip
rCold    . . .     Faith    .   (no shield)
rNeg     + . .     Spirit   .   c - +0 robe
rPois    ∞         Reflect  .   e - +0 helmet
rElec    +         Harm     .   (no cloak)
rCorr    .         Rampage  .   (no gloves)
Will     +....                  (no boots)
Stlth    ++........             (no amulet)
HPRegen  0.08/turn              j - ring of willpower
MPRegen  0.11/turn              (no ring)

@: no status effects
A: sickness immunity, AC +3, negative energy resistance 1, electricity
resistance, torment resistance 1, petrification resistance
a: no special abilities


You were in a sewer.
You visited 1 branch of the dungeon, and saw 3 of its levels.
You also visited: Sewer.

You collected 95 gold pieces.

Inventory:

Hand Weapons
 a - a +0 whip (weapon)
Armour
 c - a +0 robe (worn)
 e - a +0 helmet (worn)
 g - a +0 leather armour
Jewellery
 j - a ring of willpower (left hand)
Scrolls
 f - a scroll of immolation
Potions
 b - a potion of brilliance {unknown}
 d - a potion of flight {unknown}
 h - a potion of lignification {unknown}
 i - a potion of curing {unknown}


   Skills:
 + Level 1.6 Dodging
 - Level 2.1 Stealth
 * Level 3.2 Spellcasting
 + Level 0.8 Transmutations
 * Level 5.0 Earth Magic


You had 3 spell levels left.
You knew the following spells:

 Your Spells              Type           Power      Damage    Failure   Level
a - Sandblast             Erth           36%        2d10      2%          1
b - Passwall              Tmut/Erth      10%        N/A       9%          2
c - Stone Arrow           Conj/Erth      20%        3d8       19%         3

Your spell library contained the following spells:

 Spells                   Type           Power      Damage    Failure   Level
 Petrify                  Tmut/Erth      12%        N/A       47%         4
 Lee's Rapid Deconstruct  Erth           9%         3d8*      54%         5


Dungeon Overview and Level Annotations

Branches:
Dungeon (3/15)              Sewer (1/1)

Altars:


Innate Abilities, Weirdness & Mutations

You are immune to sickness and miasma.
Your stone body is resilient. (AC +3)
You are immune to poison.
You resist negative energy. (rN+)
You are resistant to electric shocks. (rElec)
You are resistant to unholy torment.
You are immune to petrification.


Message History

Confirm with . or Enter, or press ? or * to list all spells.
The spell is extremely dangerous to cast (21% risk of failure)!
Continue anyway?
Aiming: Stone Arrow (extremely dangerous; 21% risk of failure)
Press: ? - help, Shift-Dir - straight line, f - river rat
Aim: a river rat (asleep, 100% to hit)
The stone arrow hits the river rat!
The river rat is almost dead.
Unknown command.
You hit the river rat but do no damage.
The river rat is almost dead.
The river rat bites you!
You hit the river rat.
You kill the river rat!
Your Earth Magic skill increases to level 5!
You hit the rat.
The rat is severely wounded.
The rat closely misses you.
You barely miss the rat.
The rat is severely wounded.
The rat bites you but does no damage. The river rat barely misses you.
You completely miss the rat.
The rat is severely wounded.
The rat closely misses you. The river rat bites you.
You closely miss the rat.
The rat is severely wounded.
The rat barely misses you. The river rat bites you.
You barely miss the rat.
The rat is severely wounded.
The rat bites you but does no damage.
The river rat bites you but does no damage.
You closely miss the rat.
The rat is severely wounded.
The rat barely misses you. The river rat bites you!
* * * LOW HITPOINT WARNING * * *
You hit the rat.
You kill the rat!
The river rat closely misses you. The rat barely misses you.
You hit the rat but do no damage. The river rat barely misses you.
The rat misses you. The river rat bites you.
You die... ############### #....rr@r.....≈ ###############

You could see 2 river rats and a rat.

Vanquished Creatures
  2 river rats
  2 adders (D:2)
  A worm (D:3)
  4 ball pythons
  2 endoplasms
  2 giant cockroaches
  2 hobgoblins (D:2)
  5 jackals
  3 quokkas
  5 bats
  3 frilled lizards (D:2)
  4 goblins
  3 kobolds
  8 rats
46 creatures vanquished.

Vanquished Creatures (others)
  4 plants (D:3)
4 creatures vanquished.

Grand Total: 50 creatures vanquished

Notes
Turn   | Place    | Note
-------+----------+-------------------------------------------
     0 | D:1      | funkygono the Gargoyle Earth Elementalist began the quest
                  | for the Orb.
     0 | D:1      | Reached XP level 1. HP: 10/10 MP: 3/3
   271 | D:1      | Reached skill level 4 in Earth Magic
   292 | D:1      | Reached XP level 2. HP: 15/15 MP: 3/5
   299 | D:1      | Learned a level 2 spell: Passwall
   603 | D:1      | Found a faded altar of an unknown god.
  1398 | D:2      | Reached XP level 3. HP: 19/19 MP: 1/7
  1402 | D:2      | Learned a level 3 spell: Stone Arrow
  2616 | D:3      | Found a glowing drain.
  2644 | D:3      | Reached XP level 4. HP: 23/24 MP: 1/8
  2881 | Sewer    | Entered a sewer
  2885 | Sewer    | Reached skill level 5 in Earth Magic
  2892 | Sewer    | Slain by a river rat

Illustrated notes

Levels and vault maps discovered:
D:1:      eino_arrival_water_cross, layout_basic,
          chequers_ecumenical_altar_island
D:2:      mumra_celtic_spiral_tile, layout_basic
D:3:      layout_basic, grunt_temple_overflow_open, portal_sewer_entry_c,
          serial_bayou_ford_a, uniq_natasha
Sewer:    sewer_kobolds

Skill      XL: |  1  2  3  4 |
---------------+-------------+-----
Earth Magic    | 4 5 |  5.0
Spellcasting   | 3 |  3.2
Dodging        | |  1.6
Stealth        | |  2.1
Transmutations | |  0.8

Action                   |  1- 3 |  4- 6 || total
-------------------------+-------+-------++-------
Melee: Unarmed           |    13 |       ||    13
       Whip              |     3 |    53 ||    56
 Cast: Sandblast         |    42 |       ||    42
       Stone Arrow       |     3 |     2 ||     5
  Use: Scroll            |     2 |       ||     2
Armor: Robe              |    10 |    16 ||    26
Dodge: Dodged            |    18 |    39 ||    57

Table legend: (Time is in decaauts)
 A = Elapsed time spent in this place.
 B = Non-inter-level travel time spent in this place.
 C = Inter-level travel time spent in this place.
 D = Time resting spent in this place.
 E = Time spent auto-exploring this place.
 F = Levels seen in this place.
 G = Mean time per level.
                   A        B        C        D        E       F      G
               +--------+--------+--------+--------+--------+-----+--------+
         Total |   2896 |   2814 |     82 |    166 |   2209 |   4 |  724.0 |
       Dungeon |   2885 |   2803 |     82 |    166 |   2209 |   3 |  961.7 |
         Sewer |     11 |     11 |      0 |      0 |      0 |   1 |   11.0 |
               +--------+--------+--------+--------+--------+-----+--------+

Top non-repeatable levels by time:
     D:2: 1434 daAuts
     D:1: 1095 daAuts
     D:3: 355 daAuts
   Sewer: 11 daAuts
